 Dungeon Sprint DCSS version 0.27-a0-695-gb4952372f7 (webtiles) character file.

Game seed: 1853321506833803061

34577 mhtbhm the Executioner (level 13, -22/136 HPs)
             Began as a Minotaur Fighter on Mar 22, 2021.
             Was an Initiate of Gozag.
             Annihilated by an orc knight
             ... wielding a +1 battleaxe
              (36 damage)
             ... in the Dungeon (Sprint VII: "The Pits").
             The game lasted 00:09:31 (4792 turns).

mhtbhm the Executioner (Minotaur Fighter)           Turns: 4792, Time: 00:09:32

Health: -22/136    AC: 18    Str: 27    XL:     13   Next: 42%
Magic:  12/12      EV: 15    Int:  5    God:    Gozag
Gold:   6539       SH: 15    Dex:  9    Spells: 12/12 levels left

rFire    . . .     SeeInvis .   a - +1 broad axe (vorpal)
rCold    . . .     Faith    .   c - +0 kite shield
rNeg     . . .     Spirit   .   b - +4 chain mail
rPois    +         Reflect  .   (helmet restricted)
rElec    .         Harm     .   (no cloak)
rCorr    .         Rampage  .   (no gloves)
Will     .....     NoTele   +   (no boots)
Stlth    ..........             (no amulet)
HPRegen  0.32/turn              e - ring of poison resistance
MPRegen  0.13/turn              o - +3 ring of evasion

@: no status effects
A: horns 2, retaliatory headbutt
a: Renounce Religion, Potion Petition, Call Merchant, Bribe Branch


You were in the Dungeon.
You worshipped Gozag.
Gozag was greatly pleased with you.
You visited 1 branch You collected 9484 gold pieces.
You spent 294 gold pieces at shops.
You paid 2651 gold pieces to Gozag.

Inventory:

Hand Weapons
 a - a +1 vorpal broad axe (weapon)
Missiles
 x - 11 boomerangs (quivered)
 y - 6 boomerangs of dispersal
 z - 18 javelins
 B - 5 silver boomerangs
Armour
 b - a +4 chain mail (worn)
 c - a +0 kite shield (worn)
Jewellery
 e - a ring of poison resistance (right hand)
 o - a +3 ring of evasion (left hand)
 r - a ring of fire
Scrolls
 j - 5 scrolls of blinking
 l - 5 scrolls of amnesia
 m - a scroll of summoning
 n - a scroll of fog
 s - 3 scrolls of identify
 v - 2 scrolls of enchant weapon
Potions
 d - a potion of might
 f - 7 potions of heal wounds
 g - 3 potions of haste
 h - 4 potions of magic
 i - 2 potions of berserk rage
 k - a potion of invisibility
 p - 3 potions of mutation
 q - a potion of attraction
 t - 2 potions of brilliance
 u - 3 potions of curing
 w - 2 potions of resistance
Miscellaneous
 A - a tin of tremorstones (2/2)


   Skills:
 + Level 18.5 Fighting
 + Level 21.4 Axes
 * Level 8.2 Throwing
 + Level 17.9 Armour
 * Level 11.7 Dodging
 - Level 7.5 Stealth
 + Level 17.6 Shields


You had 12 spell levels left.
You didn't know any spells.
Your spell library contained the following spells:

 Spells                   Type           Power      Damage    Failure   Level
 Magic Dart               Conj           0%         1d3       86%         1
 Sting                    Tmut/Pois      0%         1d3       86%         1
 Blink                    Tloc           N/A        N/A       95%         2
 Call Imp                 Summ           0%         N/A       95%         2
 Poisonous Vapours        Pois/Air       0%         N/A       95%         2
 Slow                     Hex            0%         N/A       95%         2
 Conjure Flame            Conj/Fire      0%         6-21      99%         3
 Ignite Poison            Fire/Tmut/Pois 0%         N/A       99%         3
 Mephitic Cloud           Conj/Pois/Air  0%         N/A       99%         3
 Olgreb's Toxic Radiance  Pois           0%         N/A       100%        4


Dungeon Overview and Level Annotations

Branches:
Dungeon (1/1)

Altars:
Ashenzari
Cheibriados
Dithmenos
Elyvilon
Fedhas
Gozag
Hepliaklqana
Kikubaaqudgha
Makhleb
Nemelex Xobeh
Okawaru
Qazlal
Ru
Sif Muna
Trog
Uskayaw
Vehumet
Wu Jian
Xom
Yredelemnul
Zin
The Shining One
Beogh
Jiyva
Lugonu

Shops:
D !


Innate Abilities, Weirdness & Mutations

You have a pair of horns on your head.
You reflexively headbutt those who attack you in melee.


Message History

The orc knight is heavily wounded.
You closely miss the orc knight.
The orc knight hits you with a +0 broad axe!!
Unknown command.
You barely miss the orc knight.
The orc knight is heavily wounded.
You hit the orc knight but do no damage.
You block the orc knight's attack.
Unknown command.
You closely miss the orc knight. Your headbutt misses the orc knight.
The orc knight is heavily wounded.
You slash the orc knight! You block the orc knight's attack.
The orc knight hits you with a +1 battleaxe!
Unknown command.
You barely miss the orc knight. You headbutt the orc knight!
The orc knight is heavily wounded.
You hit the orc knight but do no damage.
The orc knight hits you but does no damage.
You slash the orc knight!
You headbutt the orc knight, but do no damage.
The orc knight is severely wounded.
You closely miss the orc knight.
The orc knight hits you with a +1 battleaxe!
Unknown command.
You slash the orc knight!
The orc knight is heavily wounded.
You hit the orc knight but do no damage.
The orc knight hits you with a +0 broad axe!!
The orc knight hits you with a +1 battleaxe!!!
* * * LOW HITPOINT WARNING * * *
You hit the orc knight but do no damage.
You headbutt the orc knight.
The orc knight is heavily wounded.
You closely miss the orc knight. You block the orc knight's attack.
You hit the orc knight.
The orc knight is heavily wounded.
You slash the orc knight!
The orc knight hits you with a +1 battleaxe!!!
You die...
Your body crumbles into a pile of gold.

[)..##...........................
)##.##...........................
)|).##..##############''#########
[.#.##..# #......# ..'.##..#
##++##......# +# [.#.##..#
#....#..).).# ... #+#.##..#
####....###))###.... ..##..#
+........))))....... ####..#
####.@....)))....... ######..#
#oo####.)..####.. .....)..# #..#
#.)..# ........# #..+ ##..##
######### #### ####
####################
....##.(.[.'...'...#
...###...[[##.##=(|#
.###########..(#####


You could see 2 orc knights.

Vanquished Creatures
  A Killer Klown (D)
  2 nagarajas (D)
  2 orc warlords (D)
  A merfolk javelineer (D)
  An eidolon (D)
  A rakshasa (D)
  A naga warrior (D)
  4 vault guards (D)
  A boulder beetle (D)
  A spriggan air mage (D)
  An anaconda (D)
  An alligator snapping turtle (D)
  An orc high priest (D)
  Urug (D)
  A sun demon (D)
  A deep troll (D)
  A sea snake (D)
  Pikel (D)
  11 orc knights (D)
  2 deep elf zephyrmancers (D)
  A deep elf pyromancer (D)
  A wolf spider (D)
  A cyclops (D)
  2 manticores (D)
  A guardian serpent (D)
  2 smoke demons (D)
  A cane toad (D)
  An efreet (D)
  A red devil (D)
  4 merfolk (D)
  2 jumping spiders (D)
  2 hornets (D)
  A flying skull (D)
  4 redbacks (D)
  3 tarantellas (D)
  A basilisk (D)
  A neqoxec (D)
  A chaos spawn (D)
  A warg (D)
  2 acid dragons (D)
  2 water moccasins (D)
  Purgy (D)
  6 orc warriors (D)
  3 swamp drakes (D)
  3 sky beasts (D)
  2 ice beasts (D)
  An ogre (D)
  2 centaurs (D)
  3 lemures (D)
  A phantom (D)
  3 killer bees (D)
  A gnoll shaman (D)
  3 orc wizards (D)
  An iguana (D)
  2 mummies (D)
  4 gnolls (D)
  An adder (D)
  3 river rats (D)
  An ufetubus (D)
  An adder simulacrum (D)
  A leopard gecko (D)
  2 orcs (D)
  2 bats (D)
  A goblin (D)
  2 hobgoblins (D)
  3 jackals (D)
  A quokka (D)
  A giant cockroach zombie (D)
  2 kobolds (D)
128 creatures vanquished.

Vanquished Creatures (others)
  A deep elf high priest (D)
  A naga warrior (D)
2 creatures vanquished.

Grand Total: 130 creatures vanquished

Notes
Turn   | Place    | Note
-------+----------+-------------------------------------------
     0 | D        | mhtbhm the Minotaur Fighter began the quest for the Orb.
     0 | D        | Reached XP level 1. HP: 19/19 MP: 0/0
    46 | D        | Found a bloodstained altar of Trog.
    46 | D        | Found a shimmering blue altar of Sif Muna.
    46 | D        | Found a viscous altar of Jiyva.
    46 | D        | Found a hazy altar of Hepliaklqana.
    46 | D        | Found an opulent altar of Gozag.
    47 | D        | Found a glowing golden altar of the Shining One.
    47 | D        | Found a glowing silver altar of Zin.
    47 | D        | Found a basalt altar of Yredelemnul.
    47 | D        | Found a shimmering altar of Xom.
    47 | D        | Found an ornate altar of the Wu Jian Council.
    47 | D        | Found a sacrificial altar of Ru.
    47 | D        | Found a stormy altar of Qazlal.
    47 | D        | Found an iron altar of Okawaru.
    47 | D        | Found a sparkling altar of Nemelex Xobeh.
    47 | D        | Found a burning altar of Makhleb.
    47 | D        | Found a blossoming altar of Fedhas.
    47 | D        | Found a white marble altar of Elyvilon.
    47 | D        | Found a shadowy altar of Dithmenos.
    47 | D        | Found a snail-covered altar of Cheibriados.
    49 | D        | Found a radiant altar of Vehumet.
    49 | D        | Found a corrupted altar of Lugonu.
    50 | D        | Found a hide-covered altar of Uskayaw.
    50 | D        | Found an ancient bone altar of Kikubaaqudgha.
    50 | D        | Found a broken altar of Ashenzari.
    58 | D        | Became a worshipper of Gozag Ym Sagoz the Greedy
   178 | D        | Reached skill level 3 in Axes
   178 | D        | Reached XP level 2. HP: 12/28 MP: 1/1
   482 | D        | Reached skill level 5 in Armour
   482 | D        | Reached skill level 5 in Shields
   648 | D        | Noticed a flying skull
   654 | D        | Reached skill level 5 in Fighting
   654 | D        | Reached XP level 3. HP: 36/36 MP: 2/2
   670 | D        | Killed a flying skull
   671 | D        | Reached skill level 6 in Axes
   671 | D        | Reached XP level 4. HP: 44/47 MP: 3/3
   671 | D        | Reached XP level 5. HP: 49/52 MP: 4/4
   735 | D        | Noticed a centaur
   735 | D        | Noticed a sky beast
   747 | D        | Killed a centaur
   748 | D        | Reached skill level 7 in Axes
   748 | D        | Reached XP level 6. HP: 52/60 MP: 5/5
   753 | D        | Noticed an ice beast
   754 | D        | Noticed an ice beast
   757 | D        | Killed a sky beast
   758 | D        | Reached skill level 8 in Axes
   765 | D        | Killed an ice beast
   766 | D        | Reached skill level 9 in Axes
   773 | D        | Killed an ice beast
   774 | D        | Reached skill level 10 in Armour
   774 | D        | Reached XP level 7. HP: 50/69 MP: 6/6
   890 | D        | Reached skill level 10 in Axes
   915 | D        | Noticed a manticore
   934 | D        | Killed a manticore
   935 | D        | Reached skill level 5 in Dodging
   935 | D        | Reached skill level 1 in Stealth
   935 | D        | Reached skill level 10 in Shields
  1165 | D        | Noticed Purgy
  1170 | D        | Reached XP level 8. HP: 78/78 MP: 7/7
  1185 | D        | Killed Purgy
  1186 | D        | Reached skill level 11 in Axes
  1377 | D        | Noticed a cane toad
  1387 | D        | Killed a cane toad
  1580 | D        | Noticed an eidolon
  1580 | D        | Noticed a deep elf zephyrmancer
  1588 | D        | Killed an eidolon
  1589 | D        | Reached skill level 10 in Fighting
  1589 | D        | Reached skill level 12 in Axes
  1589 | D        | Reached XP level 9. HP: 55/85 MP: 8/8
  1597 | D        | Killed a deep elf zephyrmancer
  1598 | D        | Reached skill level 13 in Axes
  1846 | D        | Noticed a smoke demon
  1858 | D        | Killed a smoke demon
  1859 | D        | Reached skill level 14 in Axes
  2037 | D        | Noticed Pikel
  2037 | D        | Noticed a sea snake
  2047 | D        | Killed a sea snake
  2048 | D        | Reached XP level 10. HP: 65/96 MP: 9/9
  2050 | D        | Killed Pikel
  2051 | D        | Reached skill level 15 in Axes
  2051 | D        | Reached skill level 15 in Armour
  2306 | D        | Noticed a deep troll
  2319 | D        | Killed a deep troll
  2320 | D        | Reached skill level 16 in Axes
  2415 | D        | Noticed a deep elf zephyrmancer
  2434 | D        | Killed a deep elf zephyrmancer
  2574 | D        | Noticed an orc high priest
  2594 | D        | Reached skill level 17 in Axes
  2594 | D        | Noticed a manticore
  2610 | D        | Noticed a sun demon
  2611 | D        | Killed an orc high priest
  2612 | D        | Reached XP level 11. HP: 58/107 MP: 10/10
  2619 | D        | Noticed a rakshasa
  2743 | D        | Noticed a boulder beetle
  2746 | D        | Noticed a deep elf pyromancer
  2747 | D        | Reached skill level 15 in Shields
  2751 | D        | Killed a rakshasa
  2752 | D        | Reached skill level 18 in Axes
  2757 | D        | Killed a boulder beetle
  2768 | D        | Killed a deep elf pyromancer
  2944 | D        | Noticed a wolf spider
  2952 | D        | Killed a wolf spider
  2959 | D        | Noticed Urug
  2960 | D        | Noticed an orc knight
  2965 | D        | Noticed a nagaraja
  2976 | D        | Killed Urug
  2983 | D        | HP: 2/111 [orc warrior/+0 mace[an orc knight] (17)]
  2988 | D        | Reached skill level 19 in Axes
  2996 | D        | Killed a nagaraja
  2997 | D        | Reached skill level 5 in Stealth
  2998 | D        | Killed an orc knight
  2999 | D        | Reached skill level 15 in Fighting
  3645 | D        | Noticed a merfolk javelineer
  3645 | D        | Noticed a nagaraja
  3645 | D        | Noticed a spriggan air mage
  3651 | D        | Killed a merfolk javelineer
  3652 | D        | Reached XP level 12. HP: 77/121 MP: 11/11
  3662 | D        | Killed a nagaraja
  3663 | D        | Killed a spriggan air mage
  3954 | D        | Noticed a Killer Klown
  3970 | D        | Killed a Killer Klown
  3971 | D        | Reached skill level 20 in Axes
  3979 | D        | Bought a potion of curing for 42 gold pieces
  3979 | D        | Bought a potion of curing for 42 gold pieces
  3979 | D        | Bought a potion of haste for 140 gold pieces
  3979 | D        | Bought a potion of heal wounds for 70 gold pieces
  4238 | D        | Noticed an alligator snapping turtle
  4240 | D        | Noticed an orc warlord
  4240 | D        | Noticed an orc warlord
  4240 | D        | Noticed an anaconda
  4246 | D        | Noticed a vault guard
  4249 | D        | Noticed a naga warrior
  4253 | D        | Noticed a vault guard
  4254 | D        | Killed an alligator snapping turtle
  4256 | D        | Reached skill level 5 in Throwing
  4256 | D        | Noticed a vault guard
  4264 | D        | Killed an anaconda
  4265 | D        | Reached skill level 10 in Dodging
  4266 | D        | Killed a vault guard
  4267 | D        | Noticed a naga warrior
  4267 | D        | Noticed a vault guard
  4268 | D        | Noticed a deep elf high priest
  4271 | D        | Killed an orc warlord
  4272 | D        | Reached XP level 13. HP: 85/133 MP: 12/12
  4284 | D        | Reached skill level 21 in Axes
  4285 | D        | Killed an orc warlord
  4792 | D        | Annihilated by an orc knight

Illustrated notes

Levels and vault maps discovered:
D:        pitsprint [storerooms_1, entrance_room_1, metal_vault_2, armoury_1,
          mini_pit_1, grid_room_1, main_hall_1, silver_pit, the_coven_3,
          the_vestibule_1, steel_vault_5, golden_pit, hallway_of_sentries,
          crystal_vault_1, iron_vault_4, final_vault]

Skill      XL: |  1  2  3  4  5  6  7  8  9 10 11 12 13 |
---------------+----------------------------------------+-----
Fighting       | 4 5 7 8 9 10 11 13 15 17 18 | 18.5
Armour         | 4 5 8 10 11 13 14 15 16 17 | 17.9
Shields        | 4 5 7 9 10 11 13 14 16 17 | 17.6
Axes           | 3 6 7 9 10 12 14 17 19 20 21 | 21.4
Dodging        | 2 3 4 5 6 7 10 11 | 11.7
Stealth        | 1 2 6 7 |  7.5
Throwing       | 6 8 |  8.2

Action                   |  1- 3 |  4- 6 |  7- 9 | 10-12 | 13-15 || total
-------------------------+-------+-------+-------+-------+-------++-------
Melee: Hand axe          |    35 |    30 |    54 |       |       ||   119
       Headbutt          |     8 |     8 |    21 |    47 |    10 ||    94
       War axe           |     2 |       |       |       |       ||     2
       Broad axe         |       |       |    48 |   214 |    34 ||   296
Invok: Potion Petition   |       |       |       |     4 |       ||     4
       Call Merchant     |       |       |       |     1 |       ||     1
  Use: Potion            |     2 |       |     6 |    13 |       ||    21
 Stab: Distracted        |       |       |     1 |       |       ||     1
       Invisible         |       |       |       |    20 |     9 ||    29
Armor: Scale mail        |    18 |       |       |       |       ||    18
       Plate armour      |       |    10 |    29 |       |       ||    39
       Chain mail        |       |       |    21 |    49 |     1 ||    71
Dodge: Dodged            |    16 |     4 |    36 |    93 |     4 ||   153
Block: Kite shield       |    24 |     9 |    71 |   118 |    12 ||   234

Table legend: (Time is in decaauts)
 A = Elapsed time spent in this place.
 B = Non-inter-level travel time spent in this place.
 C = Inter-level travel time spent in this place.
 D = Time resting spent in this place.
 E = Time spent auto-exploring this place.
 F = Levels seen in this place.
 G = Mean time per level.
                   A        B        C        D        E       F      G
               +--------+--------+--------+--------+--------+-----+--------+
         Total |   4699 |   4699 |      0 |   3144 |     30 |   1 | 4699.0 |
       Dungeon |   4699 |   4699 |      0 |   3144 |     30 |   1 | 4699.0 |
               +--------+--------+--------+--------+--------+-----+--------+

Top non-repeatable levels by time:
       D: 4699 daAuts
